 Dungeon Crawl Stone Soup version 0.30-a0-965-g42e074c17a (webtiles) character file.

Game seed: 2195468000472274998

11217 DeathPants the Carver (level 11, -3/60 HPs)
             Began as a Vine Stalker Gladiator on Mar 30, 2023.
             Was an Initiate of Gozag.
             Slain by a seven-headed hydra (11 damage)
             ... on level 11 of the Dungeon.
             The game lasted 00:34:38 (9457 turns).

DeathPants the Carver (Vine Stalker Gladiator)      Turns: 9457, Time: 00:34:39

Health: -3/60      AC: 17    Str: 16    XL:     11   Next: 74%
Magic:  0/21       EV: 17    Int: 11    God:    Gozag
Gold:   1236       SH:  5    Dex: 17    Spells: 17/23 levels left

rFire   . . .      SeeInvis .    a - +0 scimitar
rCold   . . .      Faith    .    s - orb {light}
rNeg    + . .      Spirit   +    H - +0 swamp dragon scales
rPois   +          Reflect  +    c - +1 helmet
rElec   .          Rampage  .    n - +2 ratskin cloak {*Rats rPois rN+ Str-1 Int-1 Dex+1}
rCorr   .                        g - +1 pair of gloves
Will    +....                    M - +2 pair of boots
Stlth   +                        K - amulet of reflection
HPRegen 1.10/turn                L - +5 ring of evasion
MPRegen 0.17/turn                x - ring of wizardry

@: glowing
A: fangs 3, regeneration 1, magic shield, antimagic bite, no potion heal 2
a: Renounce Religion, Potion Petition, Call Merchant, Bribe Branch


You were on level 11 of the Dungeon.
You worshipped Gozag.
Gozag was most pleased with you.
You visited 2 branches of the dungeon, and saw 13 of its levels.

You collected 2606 gold pieces.
You spent 1223 gold pieces at shops.
You paid 147 gold pieces to Gozag.

Inventory:

Hand Weapons
 a - a +0 scimitar (weapon)
Missiles
 d - 3 throwing nets (quivered)
 e - 8 javelins
 j - 2 silver boomerangs
 A - 4 datura-tipped darts
 J - 29 poisoned darts
Armour
 c - a +1 helmet (worn)
 g - a +1 pair of gloves (worn)
 n - the +2 ratskin cloak (worn) {*Rats rPois rN+ Str-1 Int-1 Dex+1}
   (You acquired it on level 11 of the Dungeon)

   *Rats:     When the wearer is hurt, rats may emerge from it to assist them.
   Str:       It affects your strength (-1).
   Int:       It affects your intelligence (-1).
   Dex:       It affects your dexterity (+1).
   rPois:     It protects you from poison.
   rN:        It protects you from negative energy.
 s - an orb of light (worn)
 H - +0 swamp dragon scales (worn)
 M - a +2 pair of boots (worn)
Jewellery
 r - a ring of flight
 x - a ring of wizardry (right hand)
 D - a ring of protection from fire
 K - an amulet of reflection (around neck)
 L - a +5 ring of evasion (left hand)
Wands
 f - a wand of iceblast (12)
 y - a wand of charming (9)
 z - a wand of quicksilver (23)
 E - a wand of flame (18)
Scrolls
 k - a scroll of blinking {unknown}
 m - 4 scrolls of vulnerability
 v - a scroll of enchant weapon
 B - 2 scrolls of teleportation
 C - a scroll of fog
 I - a scroll of butterflies {unknown}
 N - a scroll of identify
Potions
 b - a potion of attraction
 h - 2 potions of resistance {unknown}
 i - 4 potions of flight
 l - 4 potions of curing
 o - 4 potions of might
 p - 2 potions of haste
 q - 2 potions of magic
 t - 2 potions of brilliance
 u - a potion of cancellation
 w - 4 potions of berserk rage
 F - 5 potions of mutation
 G - a potion of lignification


   Skills:
 + Level 8.2 Fighting
 * Level 11.2 Long Blades
 - Level 1.7 Throwing
 + Level 3.9 Dodging
 - Level 6.5 Spellcasting
 - Level 3.4 Hexes
 - Level 6.9 Summonings


You had 17 spell levels left.
You knew the following spells:

 Your Spells              Type           Power      Damage    Failure   Level
a - Call Canine Familiar  Summ           18%        N/A       2%          3
b - Summon Guardian Gole  Hex/Summ       15%        N/A       5%          3

Your spell library contained the following spells:

 Spells                   Type           Power      Damage    Failure   Level
 Summon Small Mammal      Summ           72%        N/A       1%          1
 Ensorcelled Hibernation  Hex/Ice        14%        N/A       11%         2
 Cigotuvi's Dreadful Rot  Necr/Pois/Air  6%         N/A       21%         2
 Poisonous Vapours        Pois/Air       6%         N/A       21%         2
 Portal Projectile        Hex/Tloc       14%        N/A       21%         3
 Hailstorm                Conj/Ice       3%         3d3       38%         3
 Ignite Poison            Fire/Tmut/Pois 3%         N/A       38%         3
 Mephitic Cloud           Conj/Pois/Air  3%         N/A       38%         3
 Spider Form              Tmut/Pois      3%         N/A       38%         3
 Vhi's Electric Charge    Tloc/Air       6%         N/A       38%         3
 Anguish                  Hex/Necr       3%         N/A       52%         4
 Leda's Liquefaction      Hex/Erth       3%         N/A       52%         4
 Ice Form                 Ice/Tmut       3%         N/A       77%         4
 Sticky Flame             Conj/Fire      3%         2d3       77%         4
 Arcjolt                  Conj/Air       1%         1d11      98%         5
 Borgnjor's Vile Clutch   Necr/Erth      1%         N/A       98%         5
 Death Channel            Necr           1%         N/A       100%        6
 Ignition                 Fire           1%         3d3       100%        8
 Maxwell's Capacitive Co  Air            1%         ∞         100%        8
 Animate Dead             Necr           Unusable   N/A       N/A         4
 Simulacrum               Ice/Necr       Unusable   N/A       N/A         6

Dungeon Overview and Level Annotations

Branches:
Dungeon (12/15)            Temple (1/1) D:4            Lair (0/5) D:8
    Orc: D:9-12

Altars:
Ashenzari
Cheibriados
Dithmenos
Elyvilon
Fedhas
Gozag
Hepliaklqana
Kikubaaqudgha
Makhleb
Nemelex Xobeh
Okawaru
Qazlal
Ru
Sif Muna
Trog
Uskayaw
Vehumet
Wu Jian
Xom
Yredelemnul
Zin
The Shining One

Shops:
D:1 (   D:3 !   D:11 =

Annotations:
D:10 exclusion: statue


Innate Abilities, Weirdness & Mutations

You have razor-sharp teeth.
Your natural rate of healing is unusually fast.
When hurt, damage is shared between your health and your magic reserves.
Your bite disrupts and absorbs the magic of your enemies.
Potions cannot restore your health.


Message History

The seven-headed hydra completely misses you.
The seven-headed hydra barely misses you.
Your hound bites the seven-headed hydra.
Your hound bites the seven-headed hydra.
The seven-headed hydra bites you.
The seven-headed hydra bites you but does no damage.
The seven-headed hydra misses you.
The seven-headed hydra barely misses you.
The seven-headed hydra bites you!
The seven-headed hydra bites you but does no damage.
The seven-headed hydra barely misses you.
You see here 3 stones.
The seven-headed hydra attacks as you move away!
The seven-headed hydra bites you but does no damage.
The seven-headed hydra barely misses you.
The seven-headed hydra bites you!
* * * LOW HITPOINT WARNING * * *
The seven-headed hydra bites you but does no damage.
The seven-headed hydra bites you!
* * * LOW HITPOINT WARNING * * *
The seven-headed hydra barely misses you.
The seven-headed hydra bites you.
* * * LOW HITPOINT WARNING * * *
Your hound bites the seven-headed hydra.
Your hound bites the seven-headed hydra.
Okay, then.
The seven-headed hydra attacks as you move away!
The seven-headed hydra completely misses you.
The seven-headed hydra barely misses you.
The seven-headed hydra misses you.
You block the seven-headed hydra's attack.
The seven-headed hydra bites you but does no damage.
The seven-headed hydra barely misses you.
The seven-headed hydra misses you.
Your hound bites the seven-headed hydra.
Your hell rat bites the seven-headed hydra!
Your hound bites the seven-headed hydra.
The seven-headed hydra bites you!
You die...
Your body crumbles into a pile of gold.

.......##### #.#.....
######.....##########.#.#...
########................##..
#....####........####.####..
.....$..###.##.#..# #.####..
...####...##..#.#..# #.......
#..######..(9..#.#..# #####...
..##}..c##..rD.#.#..# ##....
........##..h.@#.#..## ##.....
........##.......#...####......
..##....##..............+......
#..######......#.#...####......
#...####...##..#.##.## ##.....
##(......(###)$#)# ## ##....
####?...####.....♣# ##...
#########..###..# ##'#
..######...## #♣∩♣ #.#


You could see a seven-headed hydra (ally target), a friendly guardian golem
(summoned), a friendly hell rat (sheltered) and a friendly hound (summoned,
sheltered).

Vanquished Creatures
  Gastronok (D:8)
  2 two-headed ogres
  A deep elf pyromancer (D:10)
  An ugly thing (D:11)
  Maggie (D:7)
  2 trolls
  A shadow (D:11)
  Sigmund (D:3)
  Eustachio (D:5)
  A wyvern (D:8)
  2 yaks (D:11)
  2 basilisks
  2 vampire mosquitoes (D:11)
  3 acid dragons
  2 water moccasins
  3 orc warriors
  An ice beast (D:7)
  2 sky beasts (D:8)
  2 black bears
  An ogre (D:4)
  A wolf (D:8)
  7 centaurs
  Blork the orc (D:5)
  2 kobold brigands
  6 bullfrogs
  3 scorpions
  5 wights (D:9)
  11 killer bees
  8 howler monkeys
  5 electric eels (D:8)
  A jelly (D:7)
  6 hounds
  2 orc priests
  Crazy Yiuf (D:7)
  2 gnoll boudas
  2 sleepcaps (D:6)
  2 iguanas
  Natasha (D:2)
  6 orc wizards
  12 gnolls
  2 adders (D:3)
  2 shadow imps
  A white imp (D:7)
  2 worms (D:3)
  3 dart slugs
  9 orcs
  12 ball pythons
  8 bats
  5 endoplasms
  4 giant cockroaches
  6 hobgoblins
  A jackal (D:1)
  13 kobolds
  5 quokkas
  A frilled lizard (D:1)
  6 goblins
  9 rats
  A spectral hobgoblin (D:3)
206 creatures vanquished.

Vanquished Creatures (collateral kills)
  An orc wizard (D:11)
1 creature vanquished.

Vanquished Creatures (others)
  2 gargoyles
  3 yaks
  An acid dragon (D:11)
  An orc warrior (D:11)
  A wolf (D:8)
  11 plants (D:8)
19 creatures vanquished.

Grand Total: 226 creatures vanquished

Notes
Turn   | Place    | Note
-------+----------+-------------------------------------------
     0 | D:1      | DeathPants the Vine Stalker Gladiator began the quest for
                  | the Orb.
     0 | D:1      | Reached XP level 1. HP: 11/11 MP: 2/2
    19 | D:1      | Found Caaman's Weapon Shop.
   197 | D:2      | Identified the +10 short sword of Doschuari {heavy, Str+3}
   229 | D:2      | Reached skill level 3 in Long Blades
   271 | D:2      | Reached XP level 2. HP: 15/15 MP: 3/3
   737 | D:1      | Reached XP level 3. HP: 18/18 MP: 4/4
  1243 | D:2      | Noticed Natasha
  1248 | D:2      | Killed Natasha
  1249 | D:2      | Reached skill level 4 in Long Blades
  1249 | D:2      | Gained mutation: Your natural rate of healing is unusually
                  | fast. [Vine Stalker growth]
  1249 | D:2      | Reached XP level 4. HP: 21/23 MP: 5/5
  1591 | D:3      | Noticed Sigmund
  1599 | D:3      | Killed Sigmund
  1600 | D:3      | Reached skill level 5 in Long Blades
  1600 | D:3      | Reached XP level 5. HP: 24/28 MP: 6/6
  1600 | D:3      | Reached XP level 6. HP: 28/32 MP: 7/7
  1773 | D:3      | Found a hazy altar of Hepliaklqana.
  1829 | D:3      | Found Bed Luxt's Distillery.
  1868 | D:3      | Bought a potion of curing for 39 gold pieces
  1868 | D:3      | Bought a potion of might for 52 gold pieces
  1870 | D:3      | Found a sacrificial altar of Ru.
  1991 | D:3      | Found a basalt altar of Yredelemnul.
  2056 | D:3      | Found a faded altar of an unknown god.
  2094 | D:3      | You fall into a shaft and drop 2 floors!
  2094 | D:5      | Entered Level 5 of the Dungeon
  2141 | D:4      | Found a staircase to the Ecumenical Temple.
  2152 | Temple   | Entered the Ecumenical Temple
  2287 | D:4      | Reached skill level 1 in Spellcasting
  2287 | D:4      | Reached XP level 7. HP: 35/37 MP: 6/9
  2999 | D:4      | Reached skill level 6 in Long Blades
  3183 | D:4      | Identified a scroll of acquirement
  3183 | D:4      | Acquired 579 gold pieces
  3229 | D:3      | Bought a potion of might for 52 gold pieces
  3229 | D:3      | Bought a potion of might for 52 gold pieces
  3229 | D:3      | Bought 2 potions of haste for 260 gold pieces
  3229 | D:3      | Bought a potion of might for 52 gold pieces
  3229 | D:3      | Bought a potion of cancellation for 104 gold pieces
  3433 | D:5      | Noticed Eustachio
  3439 | D:5      | Killed Eustachio
  3440 | D:5      | Gained mutation: You have razor-sharp teeth. [Vine Stalker
                  | growth]
  3440 | D:5      | Reached XP level 8. HP: 42/42 MP: 12/12
  3520 | D:5      | Learned a level 3 spell: Call Canine Familiar
  3796 | D:5      | Reached skill level 1 in Summonings
  3845 | D:5      | Noticed Blork the orc
  3853 | D:5      | Killed Blork the orc
  4118 | D:6      | Reached skill level 7 in Long Blades
  4135 | D:6      | Reached skill level 5 in Fighting
  4617 | D:7      | Reached XP level 9. HP: 44/47 MP: 12/15
  5156 | D:7      | Noticed Maggie
  5164 | D:7      | HP: 1/47 [Maggie/bolt of fire (20)]
  5167 | D:7      | Killed Maggie
  5168 | D:7      | Reached skill level 8 in Long Blades
  5789 | D:7      | Found a runed translucent door.
  5790 | D:7      | Noticed Crazy Yiuf
  5795 | D:7      | Killed Crazy Yiuf
  5935 | D:8      | Reached skill level 5 in Spellcasting
  5974 | D:8      | Reached skill level 9 in Long Blades
  5978 | D:8      | Reached XP level 10. HP: 49/53 MP: 10/18
  6047 | D:8      | Found a staircase to the Lair.
  6293 | D:8      | Reached skill level 5 in Summonings
  6550 | D:8      | Found a shimmering blue altar of Sif Muna.
  6658 | D:8      | Noticed Gastronok
  6670 | D:8      | HP: 1/53 [Gastronok (14)]
  6685 | D:8      | Killed Gastronok
  6686 | D:8      | Reached skill level 10 in Long Blades
  7162 | D:9      | Found an opulent altar of Gozag.
  7175 | D:9      | Became a worshipper of Gozag Ym Sagoz the Greedy
  7180 | D:9      | Learned a level 3 spell: Summon Guardian Golem
  7312 | D:10     | Entered Level 10 of the Dungeon
  7725 | D:10     | Noticed a two-headed ogre
  7736 | D:10     | Killed a two-headed ogre
  7737 | D:10     | Reached skill level 1 in Hexes
  7737 | D:10     | Reached XP level 11. HP: 37/58 MP: 15/21
  7771 | D:10     | Found a radiant altar of Vehumet.
  7863 | D:11     | Noticed a green ugly thing
  7879 | D:11     | Killed a green ugly thing
  8181 | D:10     | Noticed a deep elf pyromancer
  8375 | D:10     | Killed a deep elf pyromancer
  9102 | D:11     | Acquired the +2 ratskin cloak {*Rats rPois rN+ Str-1 Int-1
                  | Dex+1}
  9102 | D:11     | Found the +2 ratskin cloak {*Rats rPois rN+ Str-1 Int-1
                  | Dex+1}
  9166 | D:11     | Acquired 1060 gold pieces
  9281 | D:11     | Reached skill level 11 in Long Blades
  9319 | D:11     | Noticed a two-headed ogre
  9320 | D:11     | Noticed a seven-headed hydra
  9322 | D:11     | Noticed a centaur warrior
  9334 | D:11     | Found Tiyhei's Jewellery Shop.
  9350 | D:11     | Killed a two-headed ogre
  9403 | D:11     | Bought a +5 ring of evasion for 612 gold pieces
  9454 | D:11     | HP: 3/60 [seven-headed hydra (3)]
  9457 | D:11     | Slain by a seven-headed hydra

Illustrated notes

Levels and vault maps discovered:
D:1:      grunt_arrival_crossed_arrows, layout_loops_ring, serial_shops,
          shop_fountains, minmay_cupped
D:2:      layout_loops_cross, uniq_natasha
D:3:      layout_loops_ring, mainiacjoe_overflow_six_doors_small,
          lemuel_round_altar, nicolae_hepliaklqana_monster_ancestors,
          ebering_ecumenical_altar_abandoned, serial_shops, shop, uniq_sigmund
D:4:      layout_gridville, minmay_temple_entry_mini_moons
D:5:      layout_loops_ring, uniq_blork_the_orc, uniq_eustachio
D:6:      layout_basic, minmay_fractal_squares_diagonal_5
D:7:      minmay_general_purpose_star, layout_rooms, uniq_crazy_yiuf_cottage,
          uniq_maggie
D:8:      layout_loops_ring, tgw_sif, erik_lair_island, serial_bayou,
          serial_bayou_pond_c, serial_bayou_pond_c, serial_bayou_pond_b,
          serial_bayou_pond_d, serial_bayou_shore_b, uniq_gastronok
D:9:      layout_roguey, mainiacjoe_overflow_boulevard
D:10:     layout_basic, vehumet_statue, corexii_corridor_pit, minmay_bent
D:11:     layout_loops_corners, serial_shops, nicolae_shop_trees,
          minmay_mirror_moons_of_madness
D:12:     layout_stronghold, zombieorc2_lemuel, nicolae_trove_entry_diagonal
Temple:   kb_temple_of_zot

Skill      XL: |  1  2  3  4  5  6  7  8  9 10 11 |
---------------+----------------------------------+-----
Fighting       | 2 3 4 5 6 7 8 |  8.2
Long Blades    | 3 4 5 6 7 9 10 11 | 11.2
Spellcasting   | 1 2 3 5 6 |  6.5
Dodging        | 3 |  3.9
Summonings     | 2 4 6 |  6.9
Hexes          | 1 3 |  3.4
Throwing       | |  1.7

Action                     |  1- 3 |  4- 6 |  7- 9 | 10-12 || total
---------------------------+-------+-------+-------+-------++-------
  Melee: Long sword        |     6 |       |       |       ||     6
         Short sword       |    42 |    54 |   160 |   103 ||   359
         Bite              |     4 |    11 |    57 |   116 ||   188
         Scimitar          |       |       |       |   177 ||   177
  Throw: Throwing net      |       |       |       |     1 ||     1
   Cast: Call Canine Famil |       |       |       |    13 ||    13
         Summon Guardian G |       |       |       |     9 ||     9
  Evoke: Wand              |       |       |       |     1 ||     1
    Use: Scroll            |     8 |     1 |    11 |     7 ||    27
         Potion            |       |     1 |     2 |     1 ||     4
   Stab: Distracted        |       |       |       |     2 ||     2
         Held in net/web   |       |       |       |     2 ||     2
 Armour: Leather armour    |    13 |       |       |       ||    13
         Ring mail         |    14 |    18 |       |       ||    32
         Scale mail        |       |    14 |    58 |       ||    72
         Swamp dragon scal |       |       |    28 |   136 ||   164
  Dodge: Dodged            |    41 |    26 |   113 |   200 ||   380
  Block: Orb               |       |       |       |    17 ||    17
         Reflection        |       |       |       |     1 ||     1

Table legend: (Time is in decaauts)
 A = Elapsed time spent in this place.
 B = Non-inter-level travel time spent in this place.
 C = Inter-level travel time spent in this place.
 D = Time resting spent in this place.
 E = Time spent auto-exploring this place.
 F = Levels seen in this place.
 G = Mean time per level.
                   A        B        C        D        E       F      G
               +--------+--------+--------+--------+--------+-----+--------+
         Total |   9512 |   9179 |    333 |    290 |   6307 |  13 |  731.7 |
       Dungeon |   9395 |   9078 |    317 |    290 |   6218 |  12 |  782.9 |
        Temple |    117 |    101 |     16 |      0 |     89 |   1 |  117.0 |
               +--------+--------+--------+--------+--------+-----+--------+

Top non-repeatable levels by time:
     D:8: 1205 daAuts
     D:6: 995 daAuts
    D:10: 985 daAuts
     D:1: 875 daAuts
     D:4: 857 daAuts
     D:7: 805 daAuts
     D:3: 804 daAuts
    D:11: 771 daAuts
     D:5: 746 daAuts
     D:2: 720 daAuts
     D:9: 592 daAuts
  Temple: 117 daAuts
    D:12: 35 daAuts
